 Dungeon Crawl Stone Soup version 0.29.1-15-g9cfb28693d (webtiles) character file.

Game seed: 10282410257127785225

3596 venomsnake the Protected (level 9, 0/78 (82) HPs)
             Began as a Minotaur Berserker on Mar 24, 2023.
             Was an Elder of Trog.
             Slain by a wight
             ... wielding a +0 hand axe
              (1 damage)
             ... on level 8 of the Dungeon on Mar 25, 2023.
             The game lasted 00:20:00 (8138 turns).

venomsnake the Protected (Minotaur Berserker)       Turns: 8138, Time: 00:20:01

HP:   0/78 (82)     AC: 18    Str: 26    XL:     9   Next: 85%
MP:   0/8           EV:  5    Int:  4    God:    Trog [****..]
Gold: 349           SH:  9    Dex: 10    Spells: 8/8 levels left

rFire   + . .      SeeInvis .   x - +1 long sword (elec)
rCold   . . .      Faith    .   C - +0 tower shield
rNeg    . . .      Spirit   +   A - +0 plate armour
rPois   +          Reflect  .   (helmet restricted)
rElec   .          Harm     .   B - +0 cloak
rCorr   .          Rampage  .   (no gloves)
Will    .....                   q - +0 pair of boots
Stlth   ..........              M - amulet of guardian spirit
HPRegen 0.23/turn               e - ring of protection from fire
MPRegen 0.11/turn               j - ring of poison resistance

@: lightly drained
A: horns 2, retaliatory headbutt
a: Renounce Religion, Berserk, Trog's Hand, Brothers in Arms


You were on level 8 of the Dungeon.
You worshipped Trog.
Trog was greatly pleased with you.
You visited 1 branch of the dungeon, and saw 8 of its levels.

You collected 349 gold pieces.

Inventory:

Hand Weapons
 x - a +1 long sword of electrocution (weapon)
Missiles
 a - 15 poisoned darts
 c - 97 stones
 p - 10 boomerangs (quivered)
 v - 3 throwing nets
Armour
 q - a +0 pair of boots (worn)
 A - a +0 plate armour (worn)
 B - a +0 cloak (worn)
 C - a +0 tower shield (worn)
Jewellery
 e - a ring of protection from fire (left hand)
 i - a ring of protection from cold
 j - a ring of poison resistance (right hand)
 D - a +4 ring of evasion
 M - an amulet of guardian spirit (around neck)
Wands
 g - a wand of mindburst (21)
 G - a wand of flame (11)
Scrolls
 f - a scroll of blinking {unknown}
 h - 4 scrolls of teleportation {unknown}
 m - 6 scrolls of identify {unknown}
 o - 4 scrolls of immolation {unknown}
 w - 4 scrolls of magic mapping {unknown}
 y - a scroll of silence {unknown}
 z - 2 scrolls of enchant armour {unknown}
 E - 2 scrolls of torment {unknown}
 F - 2 scrolls of enchant weapon {unknown}
 J - a scroll of brand weapon {unknown}
 L - a scroll of amnesia {unknown}
Potions
 b - 8 potions of curing {unknown}
 d - 3 potions of might
 k - 2 potions of ambrosia {unknown}
 l - 4 potions of mutation {unknown}
 n - 5 potions of degeneration {unknown}
 r - a potion of lignification {unknown}
 s - 4 potions of magic {unknown}
 t - a potion of attraction {unknown}
 u - 2 potions of haste {unknown}
 I - a potion of cancellation {unknown}
 K - a potion of flight {unknown}


   Skills:
 + Level 8.4 Fighting
 + Level 8.4 Long Blades
 * Level 11.0 Armour
 + Level 7.2 Dodging


You had 8 spell levels left.
You didn't know any spells.
Your spell library was empty.

Dungeon Overview and Level Annotations

Branches:
Dungeon (8/15)             Temple (0/1) D:7
   Lair: D:8-11

Altars:
Elyvilon
Kikubaaqudgha
Nemelex Xobeh
Okawaru
Trog

Annotations:
D:2 1 runed translucent door, Crazy Yiuf


Innate Abilities, Weirdness & Mutations

You have a pair of horns on your head.
You reflexively headbutt those who attack you in melee.


Message History

You hit the wight.
You destroy the wight!
Trog accepts your kill. You block the wight's attack.
Your life force feels restored.
The wight hits you with a +0 hand axe.
* * * LOW HITPOINT WARNING * * *
You feel drained.
Items here: )) [[ †.
You barely miss the wight. You headbutt the wight.
The wight is moderately damaged.
You block the wight's attack. x2
You hit the wight.
The wight is heavily damaged.
The wight hits you with a +0 hand axe!
* * * LOW HITPOINT WARNING * * *
You feel drained.
* * * LOW HITPOINT WARNING * * *
You closely miss the wight.
The wight is heavily damaged.
The wight hits you but does no damage. x2
You hit the wight.
The wight is severely damaged.
The wight hits you with a +0 hand axe!
* * * LOW HITPOINT WARNING * * *
You barely miss the wight.
The wight is severely damaged.
The wight hits you with a +0 hand axe.
* * * LOW HITPOINT WARNING * * *
You feel drained.
* * * LOW HITPOINT WARNING * * *
The wight hits you but does no damage.
You fail to use your ability.
The wight hits you but does no damage.
You barely miss the wight. You headbutt the wight.
The wight is almost destroyed.
You block the wight's attack.
You barely miss the wight.
The wight is almost destroyed.
The wight hits you but does no damage. The wight hits you with a +0 hand axe.
You die...

.#.# .#.# ..... ..
.#.#####.... ..
####.#............#
.....#.....>....#.#
.#..##..........#.# ..
.##.##.###..##....###...
.##........##.........#
.####...#####.##@z.# ##
#....####.#>.#.#
#..#........## .. #
#...)))###### .#
#####...#...### .#
...##.....#...### ..
#.[.............. .
.......##<.#####
.....#.###.#


You could see a wight.

Vanquished Creatures
  Joseph (D:7)
  Maggie (D:7)
  Grinder (D:6)
  A steam dragon (D:6)
  3 vampire mosquitoes (D:7)
  An ice beast (D:6)
  2 black bears
  An orc warrior (D:6)
  An ogre (D:4)
  2 phantoms
  A kobold brigand (D:8)
  2 bullfrogs
  6 scorpions
  4 wights (D:8)
  2 vampire bats (D:3)
  2 howler monkeys (D:7)
  7 hounds
  4 jellies
  An orc priest (D:8)
  Jessica (D:2)
  2 iguanas (D:5)
  An orc wizard (D:6)
  11 gnolls
  8 adders
  2 shadow imps
  2 white imps
  A worm (D:3)
  6 dart slugs
  29 orcs
  3 bat skeletons (D:3)
  4 bat zombies (D:3)
  7 endoplasms
  2 giant cockroaches
  6 goblins
  4 hobgoblins
  14 kobolds
  2 quokkas
  5 ball pythons
  7 bats
  3 frilled lizards
  6 rats
169 creatures vanquished.

Notes
Turn   | Place    | Note
-------+----------+-------------------------------------------
     0 | D:1      | venomsnake the Minotaur Berserker began the quest for the
                  | Orb.
     0 | D:1      | Reached XP level 1. HP: 19/19 MP: 0/0
   125 | D:1      | Reached XP level 2. HP: 26/27 MP: 1/1
   282 | D:1      | Reached skill level 3 in Armour
   851 | D:2      | Reached XP level 3. HP: 33/33 MP: 2/2
   873 | D:2      | Found a bloodstained altar of Trog.
   875 | D:2      | Reached ** piety under Trog
  1123 | D:2      | You fall into a shaft and drop 2 floors!
  1326 | D:2      | Found a runed translucent door.
  1327 | D:2      | Noticed Crazy Yiuf
  1420 | D:2      | Noticed Jessica
  1429 | D:2      | Killed Jessica
  1430 | D:2      | Reached XP level 4. HP: 34/40 MP: 3/3
  1531 | D:2      | Reached skill level 4 in Armour
  1913 | D:3      | Reached XP level 5. HP: 11/47 MP: 4/4
  2358 | D:3      | Found an ancient bone altar of Kikubaaqudgha.
  2366 | D:3      | Reached skill level 5 in Armour
  2395 | D:3      | Found a white marble altar of Elyvilon.
  2535 | D:3      | Found an iron altar of Okawaru.
  2556 | D:3      | Found a faded altar of an unknown god.
  2858 | D:3      | Reached XP level 6. HP: 52/55 MP: 5/5
  3172 | D:4      | Reached *** piety under Trog
  3173 | D:4      | Reached skill level 5 in Long Blades
  3265 | D:4      | Reached skill level 5 in Fighting
  3789 | D:4      | Reached skill level 6 in Armour
  3789 | D:4      | Reached XP level 7. HP: 41/61 MP: 6/6
  4278 | D:5      | Entered Level 5 of the Dungeon
  4913 | D:5      | Reached skill level 7 in Armour
  5121 | D:5      | Found a sparkling altar of Nemelex Xobeh.
  5334 | D:5      | Reached XP level 8. HP: 70/70 MP: 7/7
  5341 | D:5      | Reached skill level 5 in Dodging
  5890 | D:6      | Reached skill level 8 in Armour
  6408 | D:6      | Noticed Grinder
  6417 | D:6      | Paralysed by Grinder for 2 turns
  6423 | D:6      | Paralysed by Grinder for 4 turns
  6431 | D:6      | Killed Grinder
  6432 | D:6      | Reached skill level 9 in Armour
  6675 | D:6      | Reached XP level 9. HP: 79/79 MP: 8/8
  7099 | D:7      | Noticed Joseph
  7114 | D:7      | Killed Joseph
  7361 | D:7      | Found a staircase to the Ecumenical Temple.
  7417 | D:7      | Reached skill level 10 in Armour
  7499 | D:7      | Noticed Maggie
  7510 | D:7      | Killed Maggie
  7619 | D:7      | Reached **** piety under Trog
  8129 | D:8      | Reached skill level 11 in Armour
  8135 | D:8      | HP: 3/79 [wight/+0 hand axe (3)]
  8135 | D:8      | HP: 1/78 [wight/+0 hand axe (2)]
  8138 | D:8      | Slain by a wight

Illustrated notes

Levels and vault maps discovered:
D:1:      dpeg_arrival_line_fractal, layout_rooms, minmay_close_crescents
D:2:      layout_rooms, basic_altar, minmay_small_reverse_x,
          uniq_crazy_yiuf_cottage, uniq_jessica
D:3:      layout_rooms, mainiacjoe_overflow_24_doors, okawaru_trees_1,
          kennysheep_vampire_church, shapermc_ecumenical_altar_mp_vishouse,
          kennysheep_generic_room_15
D:4:      minmay_angry_zag, layout_loops_corners
D:5:      layout_gridville, nemelex_xobeh_ov_fountains_minmay
D:6:      layout_rooms, uniq_grinder
D:7:      layout_basic, minmay_temple_entry_nine_rooms, uniq_maggie, uniq_joseph
D:8:      layout_rooms, minmay_the_grid_2x2 [minmay_the_grid_doors,
          minmay_the_grid_armoury, minmay_the_grid_large_cup,
          minmay_the_grid_prize_four_corners]

Skill      XL: |  1  2  3  4  5  6  7  8  9 |
---------------+----------------------------+-----
Armour         | 3 4 5 6 7 9 11 | 11.0
Fighting       | 4 5 6 7 8 |  8.4
Long Blades    | 4 5 6 7 8 |  8.4
Dodging        | 3 4 6 7 |  7.2

Action                   |  1- 3 |  4- 6 |  7- 9 || total
-------------------------+-------+-------+-------++-------
Melee: Falchion          |    91 |    73 |       ||   164
       Headbutt          |    13 |    19 |    45 ||    77
       Punch             |     1 |       |       ||     1
       Long sword        |       |    37 |   284 ||   321
Invok: Berserk           |       |       |     1 ||     1
Armor: Animal skin       |     7 |       |       ||     7
       Ring mail         |    17 |    18 |       ||    35
       Chain mail        |       |    51 |     5 ||    56
       Plate armour      |       |       |   266 ||   266
Dodge: Dodged            |    47 |    68 |    78 ||   193
Block: Kite shield       |    15 |    50 |     6 ||    71
       Tower shield      |       |       |   157 ||   157
